[Event "Team 45 45 League T41"]
[Site "Internet Chess Club"]
[Date "2009.05.15"]
[Round "3"]
[White "Jasher"]
[Black "rookmaster23"]
[Result "0-1"]
[WhiteElo "1461"]
[BlackElo "1362"]
[Opening "Sicilian: Najdorf"]
[ECO "B90"]
[Time "20:00:22"]
[TimeControl "2700+45"]

1. e4 c5 2. Nf3 d6 3. d4 cxd4 4. Nxd4 Nf6 5. Nc3 a6 6. Bd3 e5 7. Nf3 Be7 8. Be3
O-O 9. Bc4 b5 10. Bb3 b4 11. Ne2 Nxe4 12. Qd5 Qc7 13. Qxe4 Bb7 14. Bd5 Bxd5 15.
Qxd5 Nd7 16. Rc1 Nf6 17. Qb3 Rab8 18. O-O a5 19. c3 bxc3 20. Rxc3 Rxb3 21. Rxc7
Rxb2 22. Rxe7 Rxe2 23. Rb7 Rxa2 24. Rfb1 h6 25. h3 a4 26. Nd2 d5 27. Bc5 Rc8 28.
Bb4 a3 29. f3 Rb2 30. Rxb2 axb2 31. Ba3 Rc1+ 32. Kh2 e4 33. Rxb2 Ra1 34. Rb3 Rd1
35. Bb4 g5 36. Rb1 Rxb1 37. Nxb1 e3 38. Kg3 d4 39. Be1 Nd5 40. Na3 d3 41. Nc4 f5
42. Kh2 Kg7 43. g4 Kf6 44. gxf5 Kxf5 45. Kg3 h5 46. Nd6+ Kg6 47. Ne4 Kf5 48. h4
g4 49. Nd6+ Ke6 50. Ne4 Kf5 51. Nd6+ Ke5 52. Ne4 Nf6 53. Nxf6 Kxf6 54. Bc3+ Kf5
55. fxg4+ hxg4 56. Kg2 d2 57. h5 d1=Q 58. h6 Qf3+ 59. Kg1 Qh3 {White resigns}
0-1

[Event "Team 45 45 League T41"]
[Site "Internet Chess Club"]
[Date "2009.05.17"]
[Round "3"]
[White "Prop"]
[Black "john-beebs"]
[Result "0-1"]
[WhiteElo "1396"]
[BlackElo "1529"]
[Opening "Two knights defense"]
[ECO "C55"]
[Time "16:00:09"]
[TimeControl "2700+45"]

1. e4 e5 2. Bc4 Nc6 3. Nf3 Nf6 4. O-O Nxe4 5. Nc3 Nxc3 6. dxc3 d6 7. Ng5 Be6 8.
Nxe6 fxe6 9. Bxe6 Qf6 10. Bh3 Be7 11. Qg4 O-O 12. Be3 d5 13. Rad1 Rad8 14. Rd2
e4 15. Qe6+ Qxe6 16. Bxe6+ Kh8 17. Bxd5 Ne5 18. Bxe4 Rxd2 19. Bxd2 Nc4 20. Rd1
Nxb2 21. Re1 Bc5 22. Be3 b6 23. Bxc5 bxc5 24. Rb1 Rd8 25. Bf3 Rb8 26. a4 a5 27.
Kf1 Rb6 28. Be2 Nxa4 29. Rxb6 cxb6 30. c4 Nc3 31. f4 a4 32. Ke1 a3 33. Kd2 Nxe2
{White resigns} 0-1

[Event "Team 45 45 League T41"]
[Site "Internet Chess Club"]
[Date "2009.05.16"]
[Round "3"]
[White "MateIn42"]
[Black "PawnSensei"]
[Result "0-1"]
[WhiteElo "1403"]
[BlackElo "1415"]
[Opening "Scotch: Schmidt variation"]
[ECO "C45"]
[Time "22:04:10"]
[TimeControl "2700+45"]

1. e4 e5 2. Nf3 Nc6 3. d4 exd4 4. Nxd4 Nf6 5. Nxc6 bxc6 6. g3 Nxe4 7. Qe2 Qe7 8.
Bg2 d5 9. Bf4 Nd6 10. Nc3 Ba6 11. Qxe7+ Bxe7 12. O-O-O O-O 13. Rhe1 Rfe8 14.
Bxd5 cxd5 15. Nxd5 Bd8 16. Rxe8+ Nxe8 17. Re1 Kf8 18. Bd2 Nd6 19. Bb4 Bc4 20.
Ne3 Be6 21. f4 g6 22. g4 Bh4 23. Re2 Re8 24. Kd1 Be7 25. f5 gxf5 26. Bxd6 Bxd6
27. gxf5 Bc8 28. h4 Bc5 29. Ng4 Rxe2 30. Kxe2 Bxf5 31. Nf6 Ke7 32. Nd5+ Kd6 33.
c4 Bd4 34. b3 c5 35. Kf3 Bb1 36. Nf6 Bxf6 37. Kg4 Bxh4 38. Kxh4 Bxa2 {White
resigns} 0-1

[Event "Team 45 45 League T41"]
[Site "Internet Chess Club"]
[Date "2009.05.17"]
[Round "3"]
[White "BosqueVerde"]
[Black "jschneigi"]
[Result "1-0"]
[WhiteElo "1235"]
[BlackElo "1233"]
[Opening "QGD semi-Slav"]
[ECO "D43"]
[Time "22:05:57"]
[TimeControl "2700+45"]

1. d4 d5 2. c4 c6 3. Nc3 e6 4. Nf3 Nf6 5. Bg5 Be7 6. Qc2 dxc4 7. Bxf6 Bxf6 8. e3
Nd7 9. Bxc4 b5 10. Bd3 Bb7 11. O-O a6 12. Ne4 Nb6 13. Nc5 Rb8 14. Rac1 Nd5 15.
a3 Be7 16. Nxb7 Rxb7 17. Ne5 Qd6 18. b4 Bf6 19. Qxc6+ Qxc6 20. Nxc6 Kd7 21. g3
g6 22. e4 Ne7 23. Na5 Rc7 24. Rxc7+ Kxc7 25. Rc1+ Kd7 26. e5 Bg5 27. f4 Bh6 28.
Nb7 Rc8 29. Rxc8 Kxc8 30. Nd6+ Kd7 31. Nxf7 Bg7 32. Ng5 h6 33. Ne4 Kc6 34. Nc5
Kd5 35. Nxa6 Kxd4 36. Bxb5 Nd5 37. Nc5 Nc7 38. Bd7 Kd5 39. a4 Bf8 40. Nd3 Kc4
41. Nc5 Bxc5+ 42. bxc5 Kxc5 43. Kf2 Kb4 44. Ke3 Kc4 45. Ke4 Kc5 46. a5 Kb4 47.
a6 Nxa6 48. Bxe6 Kc5 49. Bf7 Nc7 50. Bxg6 Nd5 51. Kf5 Kc6 52. Bf7 Kd7 53. Bxd5
{Black resigns} 1-0

[Event "Team 45 45 League T41"]
[Site "Internet Chess Club"]
[Date "2009.05.18"]
[Round "3"]
[White "Emrebey"]
[Black "Invicta-Knight"]
[Result "1-0"]
[WhiteElo "1720"]
[BlackElo "1594"]
[Opening "Scandinavian: Pytel-Wade variation"]
[ECO "B01"]
[Time "12:28:22"]
[TimeControl "2700+45"]

1. e4 d5 2. exd5 Qxd5 3. Nc3 Qd6 4. Nf3 e5 5. d4 Bg4 6. dxe5 Qxd1+ 7. Kxd1 Nc6
8. Bf4 Nd4 9. Be2 Nxe2 10. Kxe2 O-O-O 11. Rad1 Bb4 12. Rxd8+ Kxd8 13. Nd5 Bc5
14. b4 Ne7 15. Rd1 Bxf2 16. Kxf2 Nxd5 17. Rxd5+ Ke7 18. h3 Be6 19. Rc5 Kd7 20.
a4 Rd8 21. Ng5 h6 22. Nxe6 fxe6 23. Rc3 Rf8 24. Rf3 Rd8 25. Rd3+ Ke7 26. Rxd8
Kxd8 27. Ke3 Ke7 28. Kd4 Kd7 29. g4 g5 30. Be3 b6 31. b5 c6 32. c4 c5+ 33. Ke4
Ke7 34. Kf3 Kf7 35. Kg3 Kg7 36. a5 {Black resigns} 1-0

[Event "Team 45 45 League T41"]
[Site "Internet Chess Club"]
[Date "2009.05.17"]
[Round "3"]
[White "stputte"]
[Black "havertown"]
[Result "0-1"]
[WhiteElo "1472"]
[BlackElo "1310"]
[Opening "Bird's opening"]
[ECO "A03"]
[Time "17:56:37"]
[TimeControl "2700+45"]

1. f4 d5 2. Nf3 Nc6 3. e3 Nf6 4. Bb5 Bd7 5. O-O a6 6. Bxc6 Bxc6 7. b3 e6 8. Bb2
Bb5 9. Re1 g6 10. Nc3 Bc6 11. Ne5 Qd6 12. Ne2 Bg7 13. Nxc6 Qxc6 14. g4 h6 15. g5
hxg5 16. fxg5 Nh5 17. Bxg7 Nxg7 18. Nd4 Qd6 19. Qe2 e5 20. Nf3 c5 21. d4 cxd4
22. exd4 e4 23. Ne5 Qb6 24. Qf2 Nf5 25. Rad1 Rh7 26. c4 e3 27. Ng4 O-O-O 28.
Nxe3 Nxd4 29. Nxd5 Nf3+ 30. Kf1 Qxf2+ 31. Kxf2 Nxe1 32. Ne7+ Kc7 33. Rxe1 Rd2+
34. Kg3 Rhxh2 35. Nd5+ Kd6 36. Re8 Rxa2 37. Rd8+ Kc5 38. Rc8+ Kd4 39. Nb4 Rag2+
40. Kf4 Rf2+ 41. Kg3 Rhg2+ 42. Kh3 Rxg5 43. Rd8+ Kc3 {White resigns} 0-1

[Event "Team 45 45 League T41"]
[Site "Internet Chess Club"]
[Date "2009.05.17"]
[Round "3"]
[White "Visin"]
[Black "slipkid"]
[Result "1-0"]
[WhiteElo "1339"]
[BlackElo "1448"]
[Opening "English opening"]
[ECO "A21"]
[Time "14:00:20"]
[TimeControl "2700+45"]

1. c4 e5 2. Nc3 d6 3. g3 f5 4. Bg2 Nf6 5. e3 Be7 6. Nge2 O-O 7. O-O Nc6 8. a3
Be6 9. d3 Qd7 10. b4 Rad8 11. b5 Na5 12. Bd2 b6 13. a4 d5 14. cxd5 Nxd5 15. Nxd5
Bxd5 16. Bxa5 Bxg2 17. Kxg2 bxa5 18. d4 exd4 19. Qxd4 Qxd4 20. Nxd4 Rd6 21. Nc6
Bf6 22. Rad1 a6 23. Rxd6 cxd6 24. Rd1 axb5 25. axb5 Rc8 26. Nxa5 Bd8 27. Nc6 Bc7
28. Ne7+ {Black resigns} 1-0

[Event "Team 45 45 League T41"]
[Site "Internet Chess Club"]
[Date "2009.05.19"]
[Round "3"]
[White "JimGaming"]
[Black "otib2006"]
[Result "0-1"]
[WhiteElo "1294"]
[BlackElo "1344"]
[Opening "Sicilian: Canal-Sokolsky attack, 3...Bd7"]
[ECO "B52"]
[Time "14:00:32"]
[TimeControl "2700+45"]

1. e4 c5 2. Nf3 d6 3. Bb5+ Bd7 4. Bxd7+ Nxd7 5. c4 g6 6. Nc3 Bg7 7. d3 Ngf6 8.
O-O O-O 9. Ng5 h6 10. Nh3 Ne5 11. Bf4 Nc6 12. Qd2 Nd4 13. Bxh6 Qd7 14. Bxg7 Kxg7
15. f3 Rh8 16. Nf4 Rh6 17. h3 Rah8 18. Kf2 e5 19. Nfe2 Kf8 20. Rh1 Qe7 21. Ng1
Ne6 22. Nd5 Nxd5 23. cxd5 Nd4 24. Rb1 b5 25. Rc1 a6 26. g3 Qa7 27. Qg5 c4 28.
Qd8+ Kg7 29. Qxd6 Nf5+ 30. Ke2 Nxd6 31. Kd2 Qf2+ 32. Kc3 Qd4+ 33. Kb4 Qxb2+ 34.
Kc5 Qxc1 35. Kxd6 cxd3 {White resigns} 0-1

[Event "Team 45 45 League T41"]
[Site "Internet Chess Club"]
[Date "2009.05.17"]
[Round "3"]
[White "Giacometti"]
[Black "Grenadier"]
[Result "1-0"]
[WhiteElo "1771"]
[BlackElo "1639"]
[Opening "Sicilian: Grand Prix attack"]
[ECO "B21"]
[Time "15:48:40"]
[TimeControl "2700+45"]

1. f4 c5 2. e4 Nc6 3. Nf3 g6 4. Be2 Bg7 5. O-O d6 6. d3 Qb6 7. c3 Nf6 8. Qc2 Bd7
9. h3 c4+ 10. d4 Na5 11. Be3 Nh5 12. Kh2 Qc7 13. Nbd2 Bh6 14. Ng5 Ng7 15. d5 f6
16. Ngf3 Nh5 17. Nd4 O-O-O 18. Bg4 f5 19. exf5 Nf6 20. Ne6 Bxe6 21. dxe6 Nd5 22.
Qe4 Nxe3 23. Qxe3 d5 24. f6 Rhf8 25. f7 Nc6 26. Rac1 Kb8 27. g3 Bg7 28. Bf3 d4
29. cxd4 Bxd4 30. Qe2 Bxb2 31. Rb1 c3 32. Ne4 Nd4 33. Qe3 Nxe6 34. Nxc3 Qxc3 35.
Qxe6 Ba3 36. Rxb7+ Ka8 37. Rb3+ {Black resigns} 1-0

[Event "Team 45 45 League T41"]
[Site "Internet Chess Club"]
[Date "2009.05.17"]
[Round "3"]
[White "blitzisbest"]
[Black "musk6868"]
[Result "1/2-1/2"]
[WhiteElo "1593"]
[BlackElo "1692"]
[Opening "Ruy Lopez: closed defense"]
[ECO "C84"]
[Time "21:15:05"]
[TimeControl "2700+45"]

1. e4 e5 2. Nf3 Nc6 3. Bb5 a6 4. Ba4 Nf6 5. O-O Be7 6. Nc3 b5 7. Bb3 O-O 8. d3
d6 9. Nd5 Nxd5 10. Bxd5 Bd7 11. Be3 Rb8 12. Qd2 h6 13. Bxh6 gxh6 14. Qxh6 Bf6
15. Qg6+ Kh8 16. Bxf7 Rxf7 17. Qxf7 Qe7 18. Qxe7 Bxe7 19. Rac1 Rg8 20. Rfe1 Bg4
21. Re3 Bf8 22. h3 Bxh3 23. Nh4 Be6 24. Nf5 Kh7 25. Rh3+ Kg6 26. Rg3+ Kf6 27.
Rf3 Bxf5 28. Rxf5+ Ke6 29. c3 b4 30. a3 Bh6 31. Ra1 bxc3 32. bxc3 Rb8 33. Rh5
Bd2 34. c4 Nd4 35. Rh7 c6 36. Ra7 a5 37. Ra2 Bc3 38. Rg7 Kf6 39. Rh7 Ne6 40. Rd7
Rd8 41. Rxd8 Nxd8 42. a4 Ne6 43. Kf1 Nf4 44. g3 Nxd3 45. Ra3 Nc5 46. Rxc3 Nxe4
47. Rd3 Ke6 48. Ke2 Nc5 49. Ra3 d5 50. cxd5+ cxd5 51. Rc3 Nxa4 52. Ra3 Nb2 53.
Rxa5 e4 54. Ra6+ Ke5 55. Ra8 d4 56. Ra5+ Ke6 57. g4 d3+ 58. Ke1 d2+ 59. Kxd2
Nc4+ 60. Kc3 Nxa5 61. Kd4 Kf6 62. Kxe4 Kg5 63. Kf3 Nc6 64. Kg3 Nd4 65. f4+ Kg6
66. Kh4 Nf3+ 67. Kg3 Nd4 68. Kf2 Nc6 69. Ke3 Ne7 70. Ke4 Ng8 71. Ke5 Nh6 72. g5
Nf7+ 73. Ke6 Nxg5+ 74. fxg5 Kxg5 {Game drawn because neither player has mating
material} 1/2-1/2

[Event "Team 45 45 League T41"]
[Site "Internet Chess Club"]
[Date "2009.05.19"]
[Round "3"]
[White "ticopatzer"]
[Black "GoIrish"]
[Result "0-1"]
[WhiteElo "1549"]
[BlackElo "1646"]
[Opening "English opening"]
[ECO "A05"]
[Time "21:05:10"]
[TimeControl "2700+45"]

1. Nf3 Nf6 2. c4 g6 3. b4 Bg7 4. Bb2 O-O 5. g3 d6 6. Bg2 e5 7. d3 Nc6 8. Qb3 Be6
9. O-O h6 10. Nbd2 Rb8 11. a3 b5 12. Qc2 bxc4 13. Nxc4 Ne7 14. Rac1 Ned5 15. Na5
Bd7 16. Nd2 Rc8 17. Nc6 Bxc6 18. Qxc6 Ne7 19. Qa6 Qd7 20. Qxa7 Nfd5 21. Qa6 c6
22. Qc4 Nb6 23. Qh4 Nf5 24. Qh3 d5 25. g4 Ne7 26. Nb3 Qd6 27. Ra1 Na4 28. Bc1 e4
29. Ra2 Nc3 30. Rc2 exd3 31. Qxd3 Nb5 32. Nc5 Rc7 33. a4 Nd4 34. e3 Nxc2 35.
Qxc2 Nc8 36. Rd1 Nb6 37. a5 Nc4 38. Bf1 Ne5 39. h3 Nf3+ 40. Kg2 Nh4+ 41. Kg1
Nf3+ 42. Kg2 Nh4+ 43. Kg1 Qe5 44. a6 Qc3 45. Qxc3 Bxc3 46. b5 cxb5 47. Rxd5 Bb4
48. Nb7 Rxc1 {White resigns} 0-1

[Event "Team 45 45 League T41"]
[Site "Internet Chess Club"]
[Date "2009.05.19"]
[Round "3"]
[White "scar99"]
[Black "medsurg"]
[Result "0-1"]
[WhiteElo "1593"]
[BlackElo "1438"]
[Opening "English opening"]
[ECO "A10"]
[Time "14:00:07"]
[TimeControl "2700+45"]

1. c4 b6 2. Nc3 e6 3. a3 Bb7 4. e4 Nf6 5. d3 c5 6. g3 Nc6 7. Bg2 Nd4 8. Nge2 e5
9. O-O Be7 10. f4 d6 11. Nxd4 cxd4 12. Ne2 O-O 13. f5 Nd7 14. b4 Bg5 15. Kh1 Rc8
16. Ng1 b5 17. Nh3 Bxc1 18. Rxc1 bxc4 19. Rxc4 Nb6 20. Rc2 Bc6 21. Rcf2 f6 22.
Qd2 Ba4 23. g4 Rc2 24. Qe1 d5 25. Rxc2 Bxc2 26. Qd2 Ba4 27. Qa2 Bc6 28. Rc1 Ba8
29. a4 Kh8 30. a5 Nc8 31. Bf3 Ne7 32. Nf2 Qd7 33. Bd1 dxe4 34. dxe4 Rc8 35.
Rxc8+ Qxc8 36. Nd3 Bxe4+ 37. Kg1 Bxd3 38. Qf7 Qd8 39. Ba4 Ng8 40. Bb3 Nh6 41.
Qxa7 Nxg4 42. Qb7 e4 43. b5 e3 44. a6 e2 45. Qf3 e1=Q+ {White resigns} 0-1

[Event "Team 45 45 League T41"]
[Site "Internet Chess Club"]
[Date "2009.05.14"]
[Round "3"]
[White "hooverman4"]
[Black "rayonline53"]
[Result "0-1"]
[WhiteElo "1491"]
[BlackElo "1597"]
[Opening "Four knights: Spanish variation"]
[ECO "C48"]
[Time "17:00:05"]
[TimeControl "2700+45"]

1. e4 e5 2. Nf3 Nc6 3. Nc3 Nf6 4. Bb5 d6 5. Bxc6+ bxc6 6. d3 Be7 7. h3 h6 8. Ne2
O-O 9. Ng3 Re8 10. Nh2 d5 11. O-O Bd6 12. b3 c5 13. c4 d4 14. Ng4 Nxg4 15. hxg4
Be6 16. Qf3 Be7 17. Nf5 Bg5 18. Ba3 Be7 19. Nxe7+ Qxe7 20. Bc1 Qh4 21. Qh3 Qxg4
22. Qxg4 Bxg4 23. Ba3 Be2 24. Rfe1 Bg4 25. Bxc5 Re6 26. f3 Bh5 27. g4 Bg6 28.
Kh2 f6 29. Ba3 Be8 30. Kg3 Ra6 31. Bc1 Rb6 32. f4 a5 33. g5 hxg5 34. fxg5 a4 35.
Rb1 axb3 36. axb3 Rab8 37. Rd1 Rxb3 38. Rxb3 Rxb3 39. gxf6 gxf6 40. Kg4 Kf7 41.
Kh5 Rc3 42. Bh6 Bd7 43. Kh4 Ke6 44. Bg7 Kf7 45. Bh6 Rb3 46. Rd2 Rb1 47. Kg3 Rb8
48. Rh2 Rb3 49. Rd2 Be6 50. Kf2 Rb8 51. Rc2 Rh8 52. Bd2 Rh3 53. Ba5 Rh2+ {White
resigns} 0-1

[Event "Team 45 45 League T41"]
[Site "Internet Chess Club"]
[Date "2009.05.17"]
[Round "3"]
[White "Pawndemonium"]
[Black "yellowpebble"]
[Result "0-1"]
[WhiteElo "1486"]
[BlackElo "1468"]
[Opening "Nimzo-Indian defense"]
[ECO "E20"]
[Time "21:01:03"]
[TimeControl "2700+45"]

1. d4 Nf6 2. c4 e6 3. Nc3 Bb4 4. Bd2 O-O 5. Nf3 c5 6. a3 cxd4 7. Nxd4 Be7 8. e4
d6 9. Bd3 Nc6 10. Nf3 a6 11. O-O Qc7 12. Rc1 b6 13. Qc2 Bb7 14. Bf4 Rac8 15.
Rfe1 Rfd8 16. e5 dxe5 17. Nxe5 Nxe5 18. Bxe5 Qc6 19. Ne4 Ng4 20. Bc3 Bh4 21. Re2
Bxf2+ 22. Rxf2 Nxf2 23. Kxf2 f5 24. Kf1 fxe4 25. Be2 Rf8+ 26. Kg1 Qc5+ 27. Kh1
Qf2 28. h3 e3 29. Bf3 Bxf3 30. Qxf2 exf2 31. gxf3 Rxf3 32. Rf1 Rxc4 33. Kg2 Rf7
34. Be5 Re4 35. Bc3 b5 36. Rxf2 Rxf2+ 37. Kxf2 g6 38. Kf3 Rc4 39. Ke3 Rh4 {White
resigns} 0-1

[Event "Team 45 45 League T41"]
[Site "Internet Chess Club"]
[Date "2009.05.13"]
[Round "3"]
[White "badmove"]
[Black "SeniorCitizen"]
[Result "1-0"]
[WhiteElo "1578"]
[BlackElo "1374"]
[Opening "Levitsky attack (Queen's bishop attack)"]
[ECO "D00"]
[Time "15:30:33"]
[TimeControl "2700+45"]

1. d4 d5 2. Bg5 Nd7 3. Nc3 Ngf6 4. Qd3 e6 5. e4 Be7 6. O-O-O O-O 7. Nh3 dxe4 8.
Nxe4 Nxe4 9. Bxe7 Qxe7 10. Qxe4 Nf6 11. Qe5 Qd6 12. f3 Qxe5 13. dxe5 Nd7 14. f4
Nb6 15. Bd3 c6 16. Nf2 f5 17. Rd2 Rf7 18. Nd1 Bd7 19. Ne3 Nd5 20. Nxd5 cxd5 21.
c3 Re7 22. h3 Bc6 23. Rg1 Kf7 24. g4 g6 25. gxf5 exf5 26. h4 Rg8 27. Rdg2 Ke6
28. Rg5 Rf8 29. h5 Rg7 30. hxg6 h6 31. Rh5 Be8 32. Rxh6 {Black resigns} 1-0

[Event "Team 45 45 League T41"]
[Site "Internet Chess Club"]
[Date "2009.05.22"]
[Round "3"]
[White "Ianjo"]
[Black "pawn111"]
[Result "1-0"]
[WhiteElo "1834"]
[BlackElo "1827"]
[Opening "Sicilian: Labourdonnais-Löwenthal (Kalashnikov) variation"]
[ECO "B32"]
[Time "11:06:08"]
[TimeControl "2700+45"]

1. e4 c5 2. Nf3 Nc6 3. d4 cxd4 4. Nxd4 e5 5. Nb5 d6 6. N1c3 a6 7. Na3 Be6 8. Bc4
Be7 9. Nd5 b5 10. Nxe7 Qxe7 11. Bxe6 fxe6 12. O-O Nf6 13. Bg5 O-O 14. c3 Qc7 15.
Qd3 Rad8 16. Rad1 Ne7 17. Qh3 Qc8 18. Rfe1 Ng6 19. Nc2 h6 20. Bc1 Kf7 21. Rd3
Qb7 22. a3 Rd7 23. Rf3 Re7 24. Qg3 Nh8 25. Qh4 Kg6 26. g4 Ref7 27. g5 Nh5 28.
Rxf7 Qxf7 29. gxh6 gxh6 30. Nb4 a5 31. Nd3 Qf6 32. Qg4+ Kh7 33. Qxh5 Nf7 34. Re3
Ng5 35. h4 Nf3+ 36. Rxf3 Qxf3 37. Qxh6+ Kg8 38. Qxe6+ Rf7 39. Bh6 Qd1+ 40. Kh2
Qh5 41. Bg5 Qe2 42. Qg6+ Rg7 43. Qxd6 Qh5 44. Bf6 Rg6 45. Qd8+ {Black resigns}
1-0

[Event "Team 45 45 League T41"]
[Site "Internet Chess Club"]
[Date "2009.05.16"]
[Round "3"]
[White "MOchess-boy"]
[Black "Frieloe"]
[Result "0-1"]
[WhiteElo "1777"]
[BlackElo "1895"]
[Opening "Dutch defense"]
[ECO "A84"]
[Time "16:02:26"]
[TimeControl "2700+45"]

1. d4 f5 2. c4 d6 3. Nf3 Nf6 4. g3 g6 5. Nc3 Bg7 6. Bg5 O-O 7. Qd2 Ne4 8. Nxe4
fxe4 9. Ng1 Nc6 10. Be3 d5 11. c5 e5 12. dxe5 Nxe5 13. Bd4 Nc4 14. Qc3 Bxd4 15.
Qxd4 c6 16. b4 b6 17. e3 bxc5 18. Qxc5 Qf6 19. Qd4 Qxf2+ 20. Kd1 Nxe3+ 21. Kc1
Qc2# {White checkmated} 0-1

[Event "Team 45 45 League T41"]
[Site "Internet Chess Club"]
[Date "2009.05.16"]
[Round "3"]
[White "LuxAeterna"]
[Black "DuckStorm"]
[Result "1-0"]
[WhiteElo "1789"]
[BlackElo "1568"]
[Opening "Four knights: double Ruy Lopez"]
[ECO "C49"]
[Time "22:00:41"]
[TimeControl "2700+45"]

1. e4 e5 2. Nf3 Nf6 3. Nc3 Nc6 4. Bb5 Bb4 5. d3 Bxc3+ 6. bxc3 O-O 7. Bxc6 dxc6
8. Nxe5 Re8 9. Nf3 Bg4 10. Bg5 Qd6 11. h3 Bh5 12. g4 Nxg4 13. hxg4 Bxg4 14. Rh4
h5 15. Rxg4 hxg4 16. Nd4 Qc5 17. Bd2 f5 18. Nb3 Qe5 19. Qe2 fxe4 20. d4 Qh5 21.
O-O-O a5 22. Rg1 a4 23. Nc5 b6 24. Nd7 Re7 25. Nf6+ gxf6 26. Rxg4+ Kh7 27. Rg7+
Rxg7 28. Qxh5+ Kg8 29. Qf5 a3 30. Qxe4 Kf8 31. Bh6 Re8 32. Qxc6 Kf7 33. Bxg7 Re6
34. Qd7+ Re7 35. Qg4 {Black resigns} 1-0

[Event "Team 45 45 League T41"]
[Site "Internet Chess Club"]
[Date "2009.05.17"]
[Round "3"]
[White "PersonX"]
[Black "raimundo"]
[Result "1/2-1/2"]
[WhiteElo "1557"]
[BlackElo "1789"]
[Opening "English: Anglo-Grünfeld defense"]
[ECO "A16"]
[Time "18:30:06"]
[TimeControl "2700+45"]

1. c4 Nf6 2. Nc3 d5 3. cxd5 Nxd5 4. d4 Bf5 5. Qb3 Nxc3 6. bxc3 Be4 7. f3 Bc6 8.
e4 e6 9. Bb5 Qd7 10. Bxc6 Qxc6 11. Ne2 Qb6 12. Be3 Nd7 13. O-O Qxb3 14. axb3 c5
15. d5 exd5 16. exd5 Bd6 17. c4 O-O 18. Bf4 Ne5 19. Rae1 Rae8 20. Bxe5 Rxe5 21.
Kf2 Rfe8 22. Ng3 Rxe1 23. Rxe1 Rxe1 24. Kxe1 Kf8 25. Ne4 Ke7 26. Nxd6 Kxd6 27.
Kd2 b5 28. Ke3 a5 29. Kd3 f5 30. g3 g5 31. h3 h5 32. Kc3 a4 33. bxa4 bxa4 34.
Kb2 g4 35. fxg4 h4 36. gxh4 f4 37. h5 f3 38. h6 f2 39. h7 f1=Q 40. h8=Q Qe2+ 41.
Ka1 Qd1+ 42. Ka2 Qb3+ 43. Ka1 {Game drawn by mutual agreement} 1/2-1/2

[Event "Team 45 45 League T41"]
[Site "Internet Chess Club"]
[Date "2009.05.17"]
[Round "3"]
[White "mfeatherston"]
[Black "SneakyRed"]
[Result "1-0"]
[WhiteElo "1898"]
[BlackElo "1953"]
[Opening "Caro-Kann: exchange, Rubinstein variation"]
[ECO "B13"]
[Time "11:01:04"]
[TimeControl "2700+45"]

1. e4 c6 2. d4 d5 3. exd5 cxd5 4. Bd3 Nc6 5. c3 Nf6 6. Bf4 Bg4 7. Qb3 Qc8 8. Nd2
e6 9. Ngf3 Be7 10. O-O Bh5 11. Ne5 O-O 12. Rae1 Nxe5 13. Bxe5 Nd7 14. Bf4 a6 15.
Re3 b5 16. Qc2 Bg6 17. Bxg6 hxg6 18. Rh3 f5 19. Re1 Kf7 20. Rhe3 Nb6 21. Rxe6
Qxe6 22. Rxe6 Kxe6 23. Nf3 Bf6 24. Kf1 Kd7 25. Qd3 Rae8 26. Ne5+ Bxe5 27. dxe5
Kc6 28. Qd4 Re6 29. Be3 Nc4 30. Qc5+ Kd7 31. Qxf8 Nxe3+ 32. fxe3 Rxe5 33. Qxg7+
Re7 34. Qxg6 {Black resigns} 1-0

[Event "Team 45 45 League T41"]
[Site "Internet Chess Club"]
[Date "2009.05.17"]
[Round "3"]
[White "azbycx"]
[Black "BigC"]
[Result "1/2-1/2"]
[WhiteElo "1820"]
[BlackElo "1850"]
[Opening "Catalan: closed, 6...Nbd7"]
[ECO "E07"]
[Time "21:00:05"]
[TimeControl "2700+45"]

1. d4 d5 2. Nf3 Nf6 3. g3 e6 4. Bg2 Be7 5. O-O O-O 6. c4 Nbd7 7. Nc3 b6 8. b3
Bb7 9. Bb2 c6 10. Qd3 h6 11. Nd2 c5 12. cxd5 exd5 13. Rac1 Rb8 14. Qf5 cxd4 15.
Nxd5 Nxd5 16. Bxd5 Nf6 17. Bxb7 Rxb7 18. Nf3 Bc5 19. Rfd1 Rd7 20. Qd3 Nd5 21. a3
a5 22. Rc4 Qe7 23. Nxd4 Nf6 24. Qc2 Rfd8 25. e3 Bxa3 26. Ba1 Qe4 27. Qxe4 Nxe4
28. f3 Nc5 29. Rb1 Bb4 30. Bc3 Bxc3 31. Rxc3 Ne6 32. Nb5 Rd1+ 33. Rxd1 Rxd1+ 34.
Kg2 Nc5 35. Nd4 Rd3 36. Rxd3 Nxd3 37. Kf1 Nc5 38. Ke2 Kf8 39. Kd2 Ke7 40. Kc3 g6
41. Kc4 Kd7 42. b4 axb4 43. Kxb4 Ne6 44. Nxe6 fxe6 45. Kb5 Kc7 46. e4 g5 47. f4
gxf4 48. gxf4 h5 49. h4 Kb7 50. f5 exf5 51. exf5 Kc7 52. f6 Kd6 53. Kxb6 Ke6 54.
Kc6 Kxf6 55. Kd5 Kf5 56. Kd4 Kf4 57. Kd3 Kf3 58. Kd4 Kg3 59. Ke4 Kxh4 60. Kf4
Kh3 61. Kf3 h4 62. Kf2 Kh2 63. Kf1 h3 64. Kf2 Kh1 65. Kf1 h2 66. Kf2 {Black
stalemated} 1/2-1/2

[Event "Team 45 45 League T41"]
[Site "Internet Chess Club"]
[Date "2009.05.13"]
[Round "3"]
[White "Philly-Boy"]
[Black "b-spot"]
[Result "0-1"]
[WhiteElo "1835"]
[BlackElo "1717"]
[Opening "Queen's Indian: Nimzovich variation (exaggerated fianchetto)"]
[ECO "E15"]
[Time "21:01:30"]
[TimeControl "2700+45"]

1. d4 Nf6 2. c4 e6 3. Nf3 b6 4. g3 Ba6 5. Qc2 c5 6. Bg2 Nc6 7. dxc5 Bxc5 8. O-O
Rc8 9. a3 Nd4 10. Qa4 Bxc4 11. Nxd4 Bxd4 12. Nd2 b5 13. Nxc4 bxa4 {White
resigns} 0-1

[Event "Team 45 45 League T41"]
[Site "Internet Chess Club"]
[Date "2009.05.14"]
[Round "3"]
[White "Duguesclin"]
[Black "BrerRabbit"]
[Result "1-0"]
[WhiteElo "1693"]
[BlackElo "1577"]
[Opening "King's Indian: Four pawns attack, dynamic line"]
[ECO "E76"]
[Time "14:31:20"]
[TimeControl "2700+45"]

1. d4 Nf6 2. c4 g6 3. Nc3 Bg7 4. e4 d6 5. f4 O-O 6. Nf3 c5 7. d5 e6 8. Bd3 exd5
9. cxd5 Bg4 10. O-O Nbd7 11. h3 Bxf3 12. Qxf3 a6 13. a4 Rc8 14. Bd2 Qb6 15. Rab1
Qd8 16. Bc4 Nb6 17. b3 Nbd7 18. Rbe1 Ne8 19. Nd1 Nc7 20. Ne3 b5 21. axb5 axb5
22. Bd3 Bd4 23. Kh2 h5 24. g4 hxg4 25. Qxg4 Bg7 26. Ba5 Qf6 27. Qxd7 Qb2+ 28.
Bc2 Rfd8 29. Qg4 Bd4 30. Qg2 Bxe3 31. Rxe3 c4 32. Bc3 Qa3 33. Qg5 Ne8 34. Qh6 f6
35. Qxg6+ Kf8 36. Rg1 Ke7 37. Qh7+ Ng7 38. Rxg7+ Ke8 39. Rg8# {Black checkmated}
1-0

[Event "Team 45 45 League T41"]
[Site "Internet Chess Club"]
[Date "2009.05.18"]
[Round "3"]
[White "PJ"]
[Black "Despair"]
[Result "0-1"]
[WhiteElo "1765"]
[BlackElo "1966"]
[Opening "Alekhine's defense: modern variation, 4...Bg4"]
[ECO "B05"]
[Time "03:00:27"]
[TimeControl "2700+45"]

1. e4 Nf6 2. e5 Nd5 3. d4 d6 4. Nf3 Bg4 5. Be2 Nc6 6. c4 Bxf3 7. Bxf3 Nb6 8.
exd6 exd6 9. O-O Be7 10. b3 O-O 11. Nc3 Bf6 12. Bxc6 bxc6 13. Ne4 Re8 14. Nxf6+
Qxf6 15. Bb2 c5 16. Qd2 cxd4 17. Bxd4 Qf5 18. Rfe1 c5 19. Bb2 d5 20. Rxe8+ Rxe8
21. cxd5 Nxd5 22. Re1 Rxe1+ 23. Qxe1 h6 24. f3 Qc2 25. Qe8+ Kh7 26. Qe4+ Qxe4
27. fxe4 Nb4 28. Ba3 a5 29. Bxb4 axb4 30. Kf2 Kg6 31. Ke3 Kf6 32. Kd3 Ke5 33.
Kc4 Kd6 34. g3 Kc6 35. e5 h5 36. h3 g5 37. Kd3 Kd5 38. Ke3 Kxe5 39. Kd3 f5 40.
Ke3 f4+ 41. gxf4+ gxf4+ 42. Kf3 Kd4 43. Kxf4 Kc3 44. Ke4 Kb2 45. Kd5 Kxa2 46.
Kxc5 Kxb3 {White resigns} 0-1

[Event "Team 45 45 League T41"]
[Site "Internet Chess Club"]
[Date "2009.05.15"]
[Round "3"]
[White "themis8"]
[Black "quotha"]
[Result "1-0"]
[WhiteElo "1822"]
[BlackElo "1677"]
[Opening "Philidor: exchange variation"]
[ECO "C41"]
[Time "15:03:05"]
[TimeControl "2700+45"]

1. e4 e5 2. Nf3 d6 3. d4 exd4 4. Nxd4 Be7 5. Nc3 Nf6 6. Bf4 a6 7. Qd2 O-O 8.
O-O-O b5 9. f3 Bb7 10. g4 Nbd7 11. a3 Rc8 12. Nf5 Ne5 13. Bxe5 dxe5 14. Qg5
{Black resigns} 1-0